 Dungeon Crawl Stone Soup version 0.30.1-11-g7821555f0a (webtiles) character file.

Game seed: 3574643168052004761

343 monsoonserge the Shooter (level 6, -4/32 HPs)
             Began as a Spriggan Hunter on Nov 7, 2023.
             Slain by Prince Ribbit (18 damage)
             ... on level 5 of the Dungeon.
             The game lasted 00:08:18 (3750 turns).

monsoonserge the Shooter (Spriggan Hunter)          Turns: 3750, Time: 00:08:18

Health: -4/32      AC:  3    Str:  7    XL:     6   Next: 31%
Magic:  16/16      EV: 17    Int: 11    God:
Gold:   193        SH:  0    Dex: 16    Spells: 5/5 levels left

rFire   . . .        a - +1 shortbow
rCold   . . .        (shield currently unavailable)
rNeg    . . .        c - +0 robe
rPois   +            (helmet restricted)
rElec   .            k - +0 cloak
rCorr   .            (gloves unavailable)
SInv    +            (boots unavailable)
Will    ++...        (no amulet)
Stlth   ++           f - ring of willpower
HPRegen 0.25/turn    n - ring of the Thoughtful Places {rPois MP+9 Dex-4 Slay+6}
MPRegen 0.15/turn

%: no passive effects
@: very quick
A: very small, no large weapons, unfitting armour, see invisible, speed 3
a: no special abilities


You were on level 5 of the Dungeon.
You visited 1 branch of the dungeon, and saw 5 of its levels.

You collected 193 gold pieces.

Inventory:

Hand Weapons
 a - a +1 shortbow (weapon)
Missiles
 e - 2 poisoned darts
Armour
 c - a +0 robe (worn)
 k - a +0 cloak (worn)
Magical Staves
 u - the staff of cold "Cemneeze" {rF+ rC+}
   (You found it on level 4 of the Dungeon)

   [staff of cold]

   Base accuracy: +5 Base damage: 5 Base attack delay: 1.2 This weapon's minimum
   attack delay (0.6) is reached at skill level 12.
   rF:        It protects you from fire.
   rC:        It protects you from cold.
   It falls into the 'Staves' category.
   It is a two-handed weapon.
Jewellery
 f - a ring of willpower (left hand)
 n - the ring of the Thoughtful Places (right hand) {rPois MP+9 Dex-4 Slay+6}
   (You acquired it on level 5 of the Dungeon)

   [ring of magical power]

   Dex:       It affects your dexterity (-4).
   Slay:      It affects your accuracy & damage with ranged weapons and melee
   (+6).
   rPois:     It protects you from poison.
   MP:        It affects your magic capacity (+9).
Scrolls
 b - 3 scrolls of immolation
 d - 3 scrolls of enchant weapon
 g - a scroll of fog {unknown}
 j - a scroll of blinking {unknown}
 l - a scroll of noise {unknown}
 o - a scroll of teleportation {unknown}
 q - a scroll of poison {unknown}
 s - a scroll of amnesia {unknown}
 v - a scroll of magic mapping {unknown}
Potions
 h - a potion of invisibility
 i - 2 potions of might
 m - a potion of flight {unknown}
 p - 3 potions of cancellation {unknown}
 r - a potion of attraction {unknown}
 t - a potion of brilliance {unknown}


   Skills:
 + Level 2.6 Fighting
 + Level 7.1 Ranged Weapons
 + Level 3.0 Dodging
 + Level 2.0 Stealth


You had 5 spell levels left.
You didn't know any spells.
Your spell library contained the following spells:

 Spells                   Type           Power      Damage    Failure   Level
 Apportation              Tloc           0%         N/A       34%         1
 Necrotise                Necr           0%         1d4       34%         1
 Sting                    Tmut/Pois      0%         1d3       34%         1
 Summon Small Mammal      Summ           0%         N/A       34%         1
 Poisonous Vapours        Pois/Air       0%         N/A       47%         2
 Olgreb's Toxic Radiance  Pois           0%         N/A       98%         4


Dungeon Overview and Level Annotations

Branches:
Dungeon (5/15)
 Temple: D:4-7

Altars:
Cheibriados
Sif Muna
Wu Jian

Shops:
D:4 [

Annotations:
D:5 Prince Ribbit


Innate Abilities, Weirdness & Mutations

You are very small and have problems with some larger weapons.
You are too small for most types of armour.
You have supernaturally acute eyesight. (SInv)
You cover ground extremely quickly. (Speed+++)


Message History

An iguana comes into view.
You see here a scroll labelled YDE YWKULLOL.
g - a scroll labelled YDE YWKULLOL You shoot an arrow.
The iguana hisses angrily.
The arrow hits the iguana!
The iguana is heavily wounded.
You shoot an arrow. The arrow closely misses the iguana.
You shoot an arrow. The arrow hits the iguana.
The iguana is almost dead.
You shoot an arrow. The arrow hits the iguana!
You kill the iguana!
Your Ranged Weapons skill increases to level 7!
No target in view!
m - a fuming coppery potion
There are no items here.
There are no items here.
You now have 193 gold pieces (gained 14).
There are no items here.
Found 18 gold pieces.
Prince Ribbit gives a loud, deep croak!
An adder comes into view.
Prince Ribbit croaks regally.
You shoot an arrow. The adder hisses angrily.
The arrow hits Prince Ribbit!
Prince Ribbit is moderately wounded.
You shoot an arrow. The arrow hits Prince Ribbit!
Prince Ribbit is severely wounded.
Prince Ribbit lets out a mournful croak.
Prince Ribbit closely misses you.
You shoot an arrow. The arrow closely misses Prince Ribbit.
The arrow misses the adder.
Prince Ribbit misses you. Prince Ribbit closely misses you.
You shoot an arrow. The arrow barely misses Prince Ribbit.
Prince Ribbit hits you!!
Ouch! That really hurt!
The adder closely misses you. x2; Prince Ribbit hits you!!
Ouch! That really hurt!
You die...

#.#. #.#.###########
...............
....$...........
.................
..................
..........$........
............@F$.....
..............S......
.................?....
#......................
#..............<.......
#......................
#......................
#......................
.......................


You could see Prince Ribbit and an adder.

Vanquished Creatures
  2 orc priests
  2 iguanas
  An orc wizard (D:4)
  10 adders
  A shadow imp (D:5)
  A worm (D:2)
  A dart slug (D:3)
  13 orcs
  12 ball pythons
  7 endoplasms
  A giant cockroach (D:1)
  12 goblins
  8 hobgoblins
  2 quokkas
  7 bats
  9 kobolds
  8 rats (D:1)
97 creatures vanquished.

Notes
Turn   | Place    | Note
-------+----------+-------------------------------------------
     0 | D:1      | monsoonserge the Spriggan Hunter began the quest for the
                  | Orb.
     0 | D:1      | Reached XP level 1. HP: 10/10 MP: 2/2
   111 | D:1      | Reached XP level 2. HP: 14/14 MP: 3/3
   664 | D:2      | Reached XP level 3. HP: 2/18 MP: 4/4
   797 | D:2      | Reached skill level 5 in Ranged Weapons
  1032 | D:2      | Reached XP level 4. HP: 23/23 MP: 5/5
  1273 | D:2      | Found a shimmering blue altar of Sif Muna.
  1715 | D:3      | Reached XP level 5. HP: 16/26 MP: 6/6
  1781 | D:3      | Reached skill level 6 in Ranged Weapons
  1989 | D:3      | Found an ornate altar of the Wu Jian Council.
  2332 | D:4      | Found Suosh's Armour Shop.
  2522 | D:4      | Reached XP level 6. HP: 32/32 MP: 7/7
  2546 | D:4      | Found a snail-covered altar of Cheibriados.
  2565 | D:4      | Identified the staff of cold "Cemneeze" {rF+ rC+}
  3525 | D:5      | Entered Level 5 of the Dungeon
  3525 | D:5      | Noticed Prince Ribbit
  3572 | D:5      | Identified a scroll of acquirement
  3572 | D:5      | Acquired the ring of the Thoughtful Places {rPois MP+9
                  | Dex-4 Slay+6}
  3725 | D:5      | Reached skill level 7 in Ranged Weapons
  3750 | D:5      | Slain by Prince Ribbit

Illustrated notes

Levels and vault maps discovered:
D:1:      scummos_arrival_simple_fountains, layout_basic, minivault_26,
          minmay_misc_feat_secret_circle, serial_park_tiny_pond
D:2:      kennysheep_six_static_rooms, layout_basic, basic_altar
D:3:      layout_loops_ring, nicolae_wu_jian_wuxing_cycle, minmay_snake_closets
D:4:      layout_layer_cave, mainiacjoe_overflow_six_doors_small, serial_shops,
          nicolae_diamond_shop
D:5:      layout_basic, uniq_prince_ribbit1

Skill      XL: |  1  2  3  4  5  6 |
---------------+-------------------+-----
Ranged Weapons | 5 6 7 |  7.1
Fighting       | 2 |  2.6
Stealth        | 2 |  2.0
Dodging        | 3 |  3.0

Action                     |  1- 3 |  4- 6 || total
---------------------------+-------+-------++-------
   Fire: Shortbow          |   115 |   154 ||   269
    Use: Scroll            |       |     5 ||     5
 Armour: Robe              |     6 |     8 ||    14
  Dodge: Dodged            |    24 |    54 ||    78
